AoeStats
← tobinho_125

Nomad

505944736Analyzed
4v4 RM · 20d ago on Sep 11, 2026· 52m 8s· 8 players
Game mode
Random Map
Map size
231×231
Population
200
Speed
Normal
Resources
Standard
Victory
Conquest
Starting age
Dark Age
Ending age
Imperial Age
RankedLock teamsTeams togetherTeam positionsShared explorationLock speedFull tech treeHidden civsTurbo modeCheats
Victory
Defeat
🇦🇷 Hindustanis · Argentina
902
+15
🇩🇪 Portuguese · Germany
870
+16
🇩🇪 Bulgarians · Germany
859
+16
🇩🇰 Mongols · Denmark
824
+18
🇩🇪 Spanish · Germany
881
-17
🇲🇽 Sicilians · Mexico
869
-16
🇦🇹 Goths · Austria
869
-16
🇫🇷 Spanish · France
858
-16
InductedFour28
4:05 Loom
15:59 Feudal Age
17:23 Man-at-Arms
24:13 Wheelbarrow
23:23 Town Watch
25:07 Scale Mail Armor
26:38 Horse Collar
31:27 Castle Age
33:19 Forging
37:08 Forging
37:14 Chain Mail Armor
42:41 Iron Casting
52:12 Imperial Age
50:23 Pikeman
51:58 Hand Cart
51:29 Town Watch
Pascha_Otto
7:38 Loom
16:09 Feudal Age
17:18 Double-Bit Axe
17:16 Horse Collar
17:29 Gold Mining
18:59 Stone Mining
21:50 Castle Age
19:55 Scale Mail Armor
20:46 Forging
20:28 Fletching
21:03 Padded Archer Armor
20:58 Stone Mining
21:19 Man-at-Arms
21:45 Arson
22:39 Long Swordsman
23:04 Gambesons
23:20 Squires
25:59 Fishing Lines
26:54 Leather Archer Armor
28:34 Wheelbarrow
28:37 Gillnets
29:24 Pikeman
35:37 Stone Shaft Mining
38:34 Bow Saw
45:32 Imperial Age
48:29 Inquisition
liss13
5:46 Loom
18:01 Feudal Age
19:21 Wheelbarrow
18:34 Town Watch
18:32 Horse Collar
22:22 Double-Bit Axe
32:43 Castle Age
30:43 Stone Mining
31:38 Fletching
31:43 Gold Mining
33:58 Hand Cart
33:56 Bow Saw
33:48 Heavy Plow
34:21 Bodkin Arrow
35:22 Forging
35:13 Scale Mail Armor
36:30 Ballistics
36:46 Squires
37:08 Murder Holes
38:29 Iron Casting
39:41 Chain Mail Armor
40:23 Masonry
43:46 Anarchy
Semper
17:05 Feudal Age
18:08 Horse Collar
19:37 Wheelbarrow
21:11 Fishing Lines
28:51 Fletching
31:06 Castle Age
30:45 Scale Barding Armor
33:54 Bodkin Arrow
34:20 Chain Barding Armor
34:40 Heavy Plow
34:33 Stone Mining
38:24 Husbandry
38:35 Bloodlines
42:53 Ballistics
42:53 Gold Mining
47:24 Imperial Age
48:04 Elite Conquistador
51:06 Conscription
The Priest1783
3:54 Loom
14:16 Feudal Age
15:27 Fishing Lines
20:14 Castle Age
20:12 Double-Bit Axe
28:24 Thumb Ring
31:45 Gold Mining
34:33 Fletching
Cramgee
15:20 Feudal Age
13:36 Loom
17:42 Double-Bit Axe
20:52 Fishing Lines
23:17 Castle Age
21:57 Forging
21:50 Scale Mail Armor
26:19 Iron Casting
26:14 Chain Mail Armor
27:13 Wheelbarrow
26:25 Town Watch
31:20 Gambesons
31:22 Arson
31:38 Squires
33:02 Hand Cart
34:59 Murder Holes
35:27 Ballistics
41:53 Imperial Age
42:44 Scale Barding Armor
43:19 Husbandry
43:30 Bloodlines
43:39 Stirrups
45:59 Gillnets
46:01 Horse Collar
46:44 Bow Saw
46:51 Heavy Plow
48:15 Crop Rotation
50:36 Chain Barding Armor
51:21 Blast Furnace
52:15 Plate Barding Armor
51:59 Siege Engineers
51:54 Heated Shot
tobinho_125
4:36 Loom
15:01 Feudal Age
16:00 Double-Bit Axe
16:02 Horse Collar
18:39 Wheelbarrow
24:02 Castle Age
25:05 Padded Archer Armor
25:10 Scale Barding Armor
27:39 Pikeman
31:22 Leather Archer Armor
33:42 Hand Cart
34:06 Heavy Plow
35:30 Circumnavigation
38:03 Imperial Age
36:49 Stone Mining
36:52 Gold Mining
36:56 Town Watch
37:17 Fletching
37:48 Chain Barding Armor
40:18 Chemistry
39:39 Ballistics
39:51 Ring Archer Armor
39:16 Bodkin Arrow
40:13 Conscription
40:28 Bracer
40:37 Light Cavalry
41:28 Bloodlines
42:27 Plate Barding Armor
42:02 Forging
42:02 Halberdier
El Lobizon Chinchu
3:28 Loom
17:29 Feudal Age
18:29 Double-Bit Axe
18:26 Horse Collar
18:42 Gold Mining
24:00 Castle Age
22:34 Man-at-Arms
24:45 Forging
25:22 Long Swordsman
28:27 Stone Mining
34:08 Squires
42:28 Imperial Age
40:58 Husbandry
41:08 Bloodlines
42:58 Heavy Plow
45:48 Wheelbarrow
46:43 Ballistics
46:20 Murder Holes
47:10 Gold Shaft Mining
47:10 Hand Cart
47:07 Heavy Camel Rider
48:08 Bow Saw
49:25 Imperial Camel Rider
50:26 Scale Barding Armor
51:00 Iron Casting
Connection lost

Rejoining the realm…

Still unreachable

The connection could not be restored.

Session expired

The server has moved on; the page needs a fresh start.